General information
- name: BNet
- type: Ladder team game (AT/RT)
- host: Battle.net
- saver: sc2no.wc4yes
map: Slalom
- players: 8
- length: 15:19
- speed: Fast
- version: 1.26 W3XP
- replay type: Public
» download(97 KB)
Players
team 1 (winner)

»
AUDUSD (
red | 44 APM | 667 actions | 15:19)
3 Priestess of the Moon
2 Searing Arrows
1 Trueshot Aura
» actions
| Assign group hotkey | 23 | |
| Basic commands | 17 | |
| Build / train | 42 | |
| ESC pressed | 1 | |
| Enter build submenu | 9 | |
| Enter hero's abilities submenu | 3 | |
| Right click | 123 | |
| Select / deselect | 114 | |
| Select group hotkey | 302 | |
| Use ability | 33 | |
667 total
» units
» upgrades
| Reinforced Hides | 3 | |
| Druid of the Claw Training | 2 | |
| Strength of the Wild | 3 | |
| Mark of the Claw | 1 | |
| Abolish Magic | 1 | |
10 total
» buildings
| Moon Well | 4 | |
| Altar of Elders | 1 | |
| Tree of Ages | 3 | |
| Hunter's Hall | 1 | |
| Tree of Eternity | 1 | |
| Ancient of Lore | 2 | |
| Tree of Life | 1 | |
13 total
» build order
00:13 Moon Well
01:06 Altar of Elders
02:24 Tree of Ages
02:25 Tree of Ages
02:25 Tree of Ages
02:36 Moon Well
02:42 Hunter's Hall
03:06 Moon Well
04:02 Moon Well
04:50 Tree of Eternity
04:57 Ancient of Lore
05:34 Ancient of Lore
12:22 Tree of Life
» items
| Periapt of Vitality | 1 | |
| Potion of Healing | 1 | |
| Scroll of Regeneration | 1 | |
| Staff of Sanctuary | 1 | |
4 total
dabura1 (
green | 45 APM | 693 actions | 15:19)
4 Keeper of the Grove
2 Entangling Roots
2 Thorns Aura
2 Priestess of the Moon
1 Trueshot Aura
1 Searing Arrows
» actions
| Assign group hotkey | 8 | |
| Basic commands | 7 | |
| Build / train | 49 | |
| Enter build submenu | 19 | |
| Enter hero's abilities submenu | 6 | |
| Right click | 349 | |
| Select / deselect | 213 | |
| Select group hotkey | 10 | |
| Use ability | 32 | |
693 total
» units
» upgrades
| Strength of the Moon | 3 | |
| Moon Armor | 2 | |
| Improved Bows | 1 | |
| Hippogryph Taming | 1 | |
| Marksmanship | 1 | |
8 total
» buildings
| Altar of Elders | 1 | |
| Moon Well | 8 | |
| Ancient of War | 2 | |
| Hunter's Hall | 1 | |
| Tree of Ages | 1 | |
| Ancient of Wind | 3 | |
| Tree of Life | 1 | |
| Tree of Eternity | 1 | |
18 total
» build order
00:17 Altar of Elders
00:37 Moon Well
00:44 Ancient of War
01:59 Hunter's Hall
02:14 Moon Well
04:14 Ancient of War
04:16 Tree of Ages
05:02 Moon Well
05:07 Moon Well
06:51 Ancient of Wind
06:58 Ancient of Wind
08:41 Tree of Life
10:59 Moon Well
11:04 Moon Well
11:35 Tree of Eternity
12:08 Moon Well
14:31 Moon Well
15:17 Ancient of Wind

»
naggersnjuice (
blue | 136 APM | 2078 actions | 15:19)
3 Blademaster
1 Wind Walk
2 Critical Strike
» actions
| Assign group hotkey | 25 | |
| Basic commands | 11 | |
| Build / train | 83 | |
| ESC pressed | 3 | |
| Enter build submenu | 12 | |
| Enter hero's abilities submenu | 3 | |
| Give item / drop item | 1 | |
| Remove unit from queue | 3 | |
| Right click | 416 | |
| Select / deselect | 98 | |
| Select group hotkey | 1362 | |
| Use ability | 61 | |
2078 total
» units
| Peon | 9 | |
| Troll Batrider | 21 | |
| Troll Witch Doctor | 5 | |
35 total
» upgrades
| Liquid Fire | 1 | |
| Ranged Weapons | 3 | |
| Witch Doctor Training | 2 | |
| Armor | 1 | |
7 total
» buildings
| Orc Burrow | 4 | |
| Altar of Storms | 1 | |
| Stronghold | 4 | |
| War Mill | 1 | |
| Voodoo Lounge | 1 | |
| Beastiary | 2 | |
| Fortress | 3 | |
| Spirit Lodge | 1 | |
17 total
» build order
00:11 Orc Burrow
00:16 Altar of Storms
01:59 Stronghold
01:59 Stronghold
01:59 Stronghold
02:27 War Mill
03:08 Orc Burrow
03:26 Voodoo Lounge
04:24 Beastiary
04:32 Fortress
04:32 Fortress
05:19 Beastiary
06:03 Spirit Lodge
07:13 Orc Burrow
08:28 Orc Burrow
» items
| Lesser Clarity Potion | 1 | |
| Healing Salve | 1 | |
| Boots of Speed | 3 | |
| Orb of Lightning | 1 | |
6 total
yentup12 (
orange | 33 APM | 511 actions | 15:19)
2 Blood Mage
1 Flame Strike
1 Siphon Mana
1 Mountain King
1 Storm Bolt
» actions
| Basic commands | 11 | |
| Build / train | 67 | |
| ESC pressed | 3 | |
| Enter build submenu | 46 | |
| Enter hero's abilities submenu | 5 | |
| Right click | 126 | |
| Select / deselect | 195 | |
| Use ability | 58 | |
511 total
» units
| Peasant | 20 | |
| Flying Machine | 13 | |
33 total
» upgrades
| Masonry | 1 | |
| Lumber Harvesting | 1 | |
| Flak Cannons | 1 | |
| Gunpowder | 2 | |
| Flying Machine Bombs | 1 | |
| Plating | 2 | |
8 total
» buildings
| Altar of Kings | 1 | |
| Farm | 11 | |
| Lumber Mill | 1 | |
| Scout Tower | 21 | |
| Keep | 1 | |
| Blacksmith | 1 | |
| Guard Tower | 18 | |
| Town Hall | 2 | |
| Castle | 1 | |
| Gryphon Aviary | 2 | |
| Workshop | 4 | |
| Arcane Vault | 2 | |
65 total
» build order
00:14 Altar of Kings
00:18 Farm
00:54 Farm
01:22 Lumber Mill
01:30 Farm
02:27 Farm
03:22 Scout Tower
03:23 Scout Tower
03:41 Keep
03:43 Blacksmith
03:49 Guard Tower
03:51 Scout Tower
03:52 Guard Tower
03:53 Scout Tower
04:18 Guard Tower
04:20 Scout Tower
04:21 Guard Tower
04:22 Scout Tower
04:53 Guard Tower
04:55 Scout Tower
04:57 Scout Tower
05:33 Guard Tower
05:35 Town Hall
05:39 Scout Tower
06:06 Guard Tower
06:07 Scout Tower
06:12 Castle
06:29 Gryphon Aviary
06:36 Guard Tower
06:39 Scout Tower
06:57 Gryphon Aviary
07:00 Workshop
07:02 Workshop
07:09 Guard Tower
07:13 Scout Tower
07:54 Guard Tower
07:56 Scout Tower
08:30 Guard Tower
08:31 Scout Tower
08:33 Workshop
08:35 Workshop
09:01 Guard Tower
09:11 Scout Tower
09:46 Farm
10:02 Guard Tower
10:03 Scout Tower
10:27 Farm
10:36 Guard Tower
10:38 Scout Tower
11:05 Guard Tower
11:24 Farm
11:36 Scout Tower
12:00 Farm
12:07 Guard Tower
12:08 Scout Tower
12:38 Arcane Vault
12:41 Arcane Vault
12:44 Guard Tower
12:47 Scout Tower
12:49 Farm
13:21 Guard Tower
13:37 Town Hall
13:52 Farm
14:34 Scout Tower
14:38 Farm
» items
team 2 (loser)
shadradoo (
purple | 50 APM | 773 actions | 15:19)
3 Mountain King
2 Storm Bolt
1 Bash
2 Paladin
1 Holy Light
1 Devotion Aura
» actions
| Assign group hotkey | 13 | |
| Basic commands | 16 | |
| Build / train | 51 | |
| Enter build submenu | 25 | |
| Enter hero's abilities submenu | 5 | |
| Remove unit from queue | 1 | |
| Right click | 307 | |
| Select / deselect | 206 | |
| Select group hotkey | 106 | |
| Use ability | 43 | |
773 total
» units
| Peasant | 13 | |
| Footman | 7 | |
| Siege Engine | 7 | |
27 total
» upgrades
| Defend | 1 | |
| Lumber Harvesting | 2 | |
| Gunpowder | 3 | |
| Plating | 3 | |
| Barrage | 1 | |
10 total
» buildings
| Altar of Kings | 1 | |
| Barracks | 1 | |
| Farm | 14 | |
| Arcane Vault | 1 | |
| Lumber Mill | 1 | |
| Keep | 1 | |
| Blacksmith | 1 | |
| Town Hall | 1 | |
| Workshop | 3 | |
| Castle | 1 | |
25 total
» build order
00:07 Altar of Kings
00:19 Barracks
00:30 Farm
00:47 Farm
01:58 Arcane Vault
02:25 Farm
03:05 Farm
03:29 Lumber Mill
04:02 Keep
04:28 Farm
04:31 Blacksmith
07:25 Town Hall
07:36 Workshop
07:38 Workshop
07:40 Workshop
07:47 Castle
08:38 Farm
08:41 Farm
09:32 Farm
10:13 Farm
10:45 Farm
12:09 Farm
12:11 Farm
13:05 Farm
13:10 Farm
» items
| Scroll of Regeneration | 1 | |
| Lesser Clarity Potion | 1 | |
| Potion of Healing | 1 | |
| Potion of Mana | 1 | |
4 total

»
sc2no.wc4yes (
teal | 50 APM | 766 actions | 15:19)
2 Death Knight
1 Death Coil
1 Unholy Aura
1 Lich
1 Frost Nova
» actions
| Assign group hotkey | 54 | |
| Basic commands | 35 | |
| Build / train | 43 | |
| Enter build submenu | 16 | |
| Enter hero's abilities submenu | 3 | |
| Give item / drop item | 1 | |
| Right click | 218 | |
| Select / deselect | 140 | |
| Select group hotkey | 228 | |
| Use ability | 28 | |
766 total
» units
| Acolyte | 12 | |
| Ghoul | 7 | |
| Frost Wyrm | 4 | |
23 total
» upgrades
| Creature Attack | 3 | |
| Creature Carapace | 3 | |
| Freezing Breath | 1 | |
7 total
» buildings
| Crypt | 1 | |
| Ziggurat | 6 | |
| Altar of Darkness | 1 | |
| Halls of the Dead | 4 | |
| Necropolis | 1 | |
| Graveyard | 1 | |
| Tomb of Relics | 1 | |
| Black Citadel | 1 | |
| Sacrificial Pit | 1 | |
| Nerubian Tower | 1 | |
| Boneyard | 3 | |
21 total
» build order
00:07 Crypt
00:10 Ziggurat
00:35 Altar of Darkness
00:55 Ziggurat
03:12 Halls of the Dead
03:12 Halls of the Dead
03:12 Halls of the Dead
04:11 Necropolis
05:03 Graveyard
05:06 Tomb of Relics
05:31 Ziggurat
05:33 Ziggurat
05:41 Black Citadel
06:27 Sacrificial Pit
06:33 Nerubian Tower
06:35 Ziggurat
06:37 Ziggurat
08:05 Boneyard
08:06 Boneyard
08:06 Boneyard
» items
| Orb of Corruption | 1 | |
| Boots of Speed | 1 | |
2 total
Hebrew_Jones (
yellow | 24 APM | 372 actions | 15:19)
2 Death Knight
1 Death Coil
1 Unholy Aura
» actions
| Assign group hotkey | 2 | |
| Basic commands | 27 | |
| Build / train | 28 | |
| Enter build submenu | 18 | |
| Enter hero's abilities submenu | 2 | |
| Right click | 90 | |
| Select / deselect | 97 | |
| Select group hotkey | 80 | |
| Use ability | 28 | |
372 total
» units
| Acolyte | 9 | |
| Ghoul | 4 | |
| Obsidian Statue | 2 | |
15 total
» upgrades
| Creature Carapace | 2 | |
| Creature Attack | 2 | |
| Unholy Armor | 1 | |
| Unholy Strength | 1 | |
| Ghoul Frenzy | 1 | |
7 total
» buildings
| Crypt | 1 | |
| Ziggurat | 4 | |
| Altar of Darkness | 1 | |
| Graveyard | 1 | |
| Tomb of Relics | 1 | |
| Halls of the Dead | 1 | |
| Black Citadel | 1 | |
| Necropolis | 1 | |
| Sacrificial Pit | 1 | |
| Slaughterhouse | 1 | |
| Boneyard | 1 | |
14 total
» build order
00:07 Crypt
00:10 Ziggurat
00:58 Altar of Darkness
01:11 Graveyard
01:29 Ziggurat
02:32 Tomb of Relics
02:58 Halls of the Dead
04:30 Ziggurat
04:36 Ziggurat
06:06 Black Citadel
06:37 Necropolis
06:54 Sacrificial Pit
07:08 Slaughterhouse
10:23 Boneyard
» items

»
wRAS (
pink | 54 APM | 823 actions | 15:19)
2 Blademaster
1 Wind Walk
1 Critical Strike
1 Shadow Hunter
1 Healing Wave
» actions
| Assign group hotkey | 12 | |
| Basic commands | 5 | |
| Build / train | 36 | |
| Enter build submenu | 17 | |
| Enter hero's abilities submenu | 3 | |
| Right click | 347 | |
| Select / deselect | 176 | |
| Select group hotkey | 186 | |
| Use ability | 41 | |
823 total
» units
» upgrades
| Ranged Weapons | 3 | |
| Shaman Training | 2 | |
5 total
» buildings
| Altar of Storms | 1 | |
| Orc Burrow | 4 | |
| War Mill | 1 | |
| Stronghold | 1 | |
| Barracks | 3 | |
| Voodoo Lounge | 1 | |
| Great Hall | 1 | |
| Beastiary | 2 | |
| Watch Tower | 3 | |
| Spirit Lodge | 1 | |
| Fortress | 1 | |
19 total
» build order
00:21 Altar of Storms
00:36 Orc Burrow
01:14 War Mill
01:32 Orc Burrow
02:43 Stronghold
02:47 Barracks
02:57 Voodoo Lounge
03:04 Orc Burrow
04:56 Great Hall
05:26 Beastiary
05:40 Beastiary
06:16 Watch Tower
07:28 Orc Burrow
07:32 Spirit Lodge
08:49 Watch Tower
08:50 Watch Tower
09:07 Fortress
13:17 Barracks
13:20 Barracks
» items
| Healing Salve | 1 | |
| Scroll of Town Portal | 2 | |
| Orb of Lightning | 1 | |
4 total
Chat log
(00:23 / Allies) shadradoo: griff
(01:27 / Allies) wRAS: wyvern shams
(01:38 / Allies) shadradoo: everyone expo
(01:48 / Allies) Hebrew_Jones: can u get some tanks purp?
(02:00 / Allies) Hebrew_Jones: yoru only human
(02:07 / Allies) Hebrew_Jones: and we all know everyone gets air here
(02:16 / Allies) shadradoo: if you guys cover ground assault
(02:24 / Allies) Hebrew_Jones: k
(02:34 / Allies) shadradoo: still
(02:40 / Allies) shadradoo: clear these together
(02:47 / Allies) Hebrew_Jones: kk
(02:53 / Allies) sc2no.wc4yes: im gong fo rtop one now
(03:02 / Allies) sc2no.wc4yes: well in 20 seconds when i have the wood
(03:18 / Allies) sc2no.wc4yes: ok now
(03:30 / Allies) wRAS: ill take that one..
(03:35 / Allies) shadradoo: mine
(03:42 / Allies) Hebrew_Jones: i saw none of that
(03:46 / Allies) shadradoo: kill back one
(04:41 / All) yentup12: OMFG
(04:44 / All) yentup12: where did he go
(04:50 / All) yentup12: that son of a bitch
(05:05 / Allies) Hebrew_Jones: hello
(05:07 / Allies) wRAS: yello
(05:09 / Allies) wRAS: i called it
(05:11 / Allies) Hebrew_Jones: ok
(05:17 / Allies) Hebrew_Jones: that is why i asked
(05:24 / Allies) Hebrew_Jones: but u said noitjiogn
(05:33 / Allies) Hebrew_Jones: well wtf
(05:36 / Allies) Hebrew_Jones: where is mine
(05:43 / Allies) Hebrew_Jones: go now
(05:43 / Allies) shadradoo: one of those
(05:49 / Allies) Hebrew_Jones: i cant wqait anymorte
(06:06 / Allies) sc2no.wc4yes: ??
(06:26 / Allies) shadradoo: shart
(07:09 / Allies) sc2no.wc4yes: you are asking for trouble
(07:10 / Allies) sc2no.wc4yes: lol
(07:16 / Allies) sc2no.wc4yes: did you not see the 15 towers right next to that
(07:22 / Allies) Hebrew_Jones: sigh
(08:05 / Allies) wRAS: we should hit fast
(08:09 / Allies) wRAS: oj doesnt have shit
(08:19 / Allies) sc2no.wc4yes: neither do i
(08:35 / Allies) wRAS: im gonna play hit and run on them
(08:36 / Allies) Hebrew_Jones: cani gewt some help here
(08:40 / Allies) sc2no.wc4yes: usnummon that shit and cut your losses man
(08:44 / Allies) sc2no.wc4yes: youa re tryign to build next to 15 twoers
(08:45 / Allies) Hebrew_Jones: cant
(08:54 / Allies) shadradoo: acco
(09:01 / Allies) Hebrew_Jones: fuck it
(09:02 / Allies) Hebrew_Jones: no expo
(09:05 / Allies) Hebrew_Jones: gg
(09:08 / Allies) shadradoo: chill
(09:16 / Allies) sc2no.wc4yes: if it makes your crybaby ass feel any better, none of them have an expo yet either
(09:21 / Allies) sc2no.wc4yes: boo hoo diaper baby crybaby ass
(09:23 / Allies) Hebrew_Jones: it doesnt
(09:27 / Allies) Hebrew_Jones: ok
(09:33 / Allies) shadradoo: guys
(09:35 / Allies) Hebrew_Jones: gl winning
(09:38 / Allies) shadradoo: no
(09:39 / Allies) Hebrew_Jones: truely
(09:40 / Allies) shadradoo: dont quit
(09:44 / Allies) Hebrew_Jones: i wont quit
(09:45 / Allies) Hebrew_Jones: i will bs
(09:56 / Allies) shadradoo: wow dude
(09:57 / Allies) wRAS: yello
(09:58 / Allies) sc2no.wc4yes: with your level 2 dk and one statue?
(09:58 / Allies) wRAS: get this one?
(10:00 / Allies) wRAS: or that one?
(10:02 / Allies) Hebrew_Jones: yep
(10:28 / Allies) shadradoo: dont bs bro
(10:33 / Allies) Hebrew_Jones: only teal
(10:37 / Allies) Hebrew_Jones: the big talker
(10:39 / Allies) shadradoo: man
(10:49 / Allies) Hebrew_Jones: LOL
(10:54 / Allies) Hebrew_Jones: hes attacking me
(10:59 / Allies) Hebrew_Jones: i was kidding but ok
(11:06 / Allies) sc2no.wc4yes: crybaby ass diaper baby
(11:09 / All) Hebrew_Jones: LOL
(11:24 / All) shadradoo: why do i always get the two year olds on my team
(11:30 / All) yentup12: cuz ur noob
(11:32 / Allies) Hebrew_Jones: he started
(11:40 / Allies) sc2no.wc4yes: hey all i did was point out the 15 towers he tried to build on top of
(11:40 / Allies) wRAS: dont be a jew yello
(11:45 / Allies) Hebrew_Jones: why kill me pink
(11:47 / Allies) Hebrew_Jones: LOL
(11:50 / Allies) Hebrew_Jones: im not
(11:54 / Allies) Hebrew_Jones: he killed ME
(12:01 / Allies) Hebrew_Jones: do you fucking pay attention?
(12:07 / Allies) Hebrew_Jones: pink?
(12:12 / Allies) Hebrew_Jones: r u as much of an idiot?
(12:14 / All) sc2no.wc4yes: our resident pisspants started crying and said he would bs me because he didnt get an expo
(12:16 / All) sc2no.wc4yes: lol
(12:23 / All) yentup12: LOL
(12:29 / All) yentup12: sorry for that
(12:32 / Allies) wRAS: you call me an idiot? fuk you yello
(12:33 / Allies) Hebrew_Jones: no need to kill me i will unsummon
(12:40 / Allies) Hebrew_Jones: but you wont lewt me
(12:41 / Allies) Hebrew_Jones: LOL
(12:44 / Allies) Hebrew_Jones: uya
(12:45 / Allies) Hebrew_Jones: u r
(12:47 / Allies) Hebrew_Jones: an idiot
(12:48 / Allies) Hebrew_Jones: LOL
(12:51 / Allies) Hebrew_Jones: no
(12:53 / Allies) Hebrew_Jones: crying
(12:54 / Allies) Hebrew_Jones: LOL
(12:58 / Allies) Hebrew_Jones: see if iu care
(13:01 / Allies) Hebrew_Jones: liuttle babies
(13:04 / All) wRAS: YEA KEEP QQ YELLO U FUKIN JEW
(13:05 / Allies) Hebrew_Jones: oh no
(13:09 / All) Hebrew_Jones: oh no boo hooo
(13:12 / All) yentup12: lol
(13:17 / All) yentup12: GTFO!!!!
(13:19 / All) yentup12: i win
(13:25 / All) Hebrew_Jones: ya u will
(13:26 / All) yentup12: these r my mines
(13:28 / All) shadradoo: you aint win shit nigga
(13:38 / All) Hebrew_Jones: teal went all frosties
(13:40 / All) sc2no.wc4yes: im posting this game on highper.ch so the whole internet can read this guys chat log
(13:42 / All) yentup12: LOL
(13:43 / All) sc2no.wc4yes: "no expo"
(13:44 / All) Hebrew_Jones: and pink wyverns
(13:45 / All) sc2no.wc4yes: "gg"
(13:48 / All) yentup12: i massed copters u noob
(13:49 / All) sc2no.wc4yes: "im not quitting im bsing"
(13:53 / All) Hebrew_Jones: lolololo
(14:00 / All) Hebrew_Jones: ya my team was horribler
(14:01 / Allies) shadradoo: wood
(14:03 / All) Hebrew_Jones: well purp was ok
(14:33 / Allies) shadradoo: idiot massed copters
(14:42 / Allies) shadradoo: good thing i went tanks >.>
(14:47 / Allies) Hebrew_Jones: ya but the other 2 idiots massed air
(14:48 / Allies) sc2no.wc4yes: all he has to do is avoid your tanks
(14:51 / All) Hebrew_Jones: LOL
(15:03 / All) yentup12: LOL
(15:05 / All) yentup12: motha fucka
(15:12 / Allies) sc2no.wc4yes: well you cant win em all
(15:14 / Allies) Hebrew_Jones: stfu teal your frosties are as usefull as pinks few wyverns
(15:15 / All) yentup12: come here
(15:16 / Allies) sc2no.wc4yes: but you can call them all like you see them